 Dungeon Crawl Stone Soup version 0.24.0-13-gcf9b319 (webtiles) character file.

Game seed: 2674811850627797679, levelgen mode: deterministic

184 Doobh the Stinger (level 5, -5/37 HPs)
             Began as a Demonspawn Venom Mage on Dec 30, 2019.
             Slain by a centaur skeleton (6 damage)
             ... on level 4 of the Dungeon.
             The game lasted 00:16:51 (3899 turns).

Doobh the Stinger (Demonspawn Venom Mage)           Turns: 3899, Time: 00:16:51

Health: -5/37      AC:  3    Str:  8    XL:     5   Next: 36%
Magic:  9/9        EV: 12    Int: 17    God:
Gold:   112        SH:  0    Dex: 14    Spells: 5/9 levels left

rFire    . . .     SeeInvis .     - Unarmed
rCold    . . .     Gourm    .   (no shield)
rNeg     . . .     Faith    .   i - +0 leather armour
rPois    .         Spirit   .   (no helmet)
rElec    .         Reflect  .   q - scarf {repulsion}
rCorr    .         Harm     .   (no gloves)
MR       .....                  (no boots)
Stlth    ++........             (no amulet)
HPRegen  0.12/turn              (no ring)
MPRegen  0.11/turn              (no ring)

@: repel missiles
A: powered by pain 2
a: no special abilities


You were on level 4 of the Dungeon.
You were not hungry.

You visited 1 branch of the dungeon, and saw 4 of its levels.

You collected 112 gold pieces.

Inventory:

Missiles
 b - 23 poisoned darts (quivered)
Armour
 a - a +0 robe
 i - a +0 leather armour (worn)
 q - a scarf of repulsion (worn)
Jewellery
 j - an uncursed ring of ice {unknown}
 t - an uncursed ring of protection from fire {unknown}
Scrolls
 f - a scroll of enchant armour
 l - 2 scrolls of fear
 m - a scroll of remove curse
 o - 2 scrolls of teleportation
Potions
 c - a potion of degeneration {unknown}
 d - a potion of curing {unknown}
 e - a potion of berserk rage {unknown}
 g - a potion of cancellation {unknown}
 h - a potion of ambrosia {unknown}
 k - a potion of flight {unknown}
 n - a potion of invisibility
Comestibles
 p - 2 rations


   Skills:
 + Level 1.4 Fighting
 * Level 1.8 Armour
 + Level 2.2 Dodging
 + Level 2.3 Stealth
 + Level 1.0 Unarmed Combat
 * Level 2.8 Spellcasting
 + Level 1.9 Conjurations
 + Level 3.4 Poison Magic


You had 5 spell levels left.
You knew the following spells:

 Your Spells              Type           Power        Failure   Level  Hunger
a - Sting                 Conj/Pois      ##..         9%          1    #......
b - Mephitic Cloud        Conj/Pois/Air  #.......     34%         3    ###....

Your spell library contained the following spells:

 Spells                   Type           Power        Failure   Level  Hunger
 Poisonous Vapours        Pois/Air       #.....       19%         2    ##.....
 Olgreb's Toxic Radiance  Pois           ##......     52%         4    #####..
 Venom Bolt               Conj/Pois      ##........   93%         5    ######.


Dungeon Overview and Level Annotations

Branches:
Dungeon (4/15)
 Temple: D:4-7

Altars:
Fedhas
Gozag
Makhleb
Nemelex Xobeh
Vehumet
Wu Jian
The Shining One


Innate Abilities, Weirdness & Mutations

You sometimes gain power by taking damage.


Message History

You hear the brisk rusting of a very distant drain.
The centaur skeleton barely misses you.
There is an open door here.
The centaur skeleton hits you.
Your magical contamination has completely faded away.
You see here 17 stones.
The centaur skeleton barely misses you. The centaur skeleton hits you.
The centaur skeleton hits you!
* * * LOW HITPOINT WARNING * * *
As you read the scroll of fear, it crumbles to dust.
You assume a fearsome visage.
The centaur skeleton is unaffected.
The centaur skeleton hits you.
* * * LOW HITPOINT WARNING * * *
You hit the centaur skeleton.
The centaur skeleton is severely damaged.
The centaur skeleton hits you.
* * * LOW HITPOINT WARNING * * *
The centaur skeleton hits you.
You die...

#.....#####.# #...........#
.....#..######### #####.#.#
###.# #.# #.# #Z# #@#
######.# #### #......# ..#
#.####.# #.# #.# ##.##
#####.###.###...##
#..>.............#########.#
#.###.###.#...............#
###.###.#
#.#.>..########.##.#


You could see a centaur skeleton.

Vanquished Creatures
  A worker ant (D:4)
  3 gnolls (D:2)
  5 adders
  2 oozes
  2 worms (D:2)
  A dart slug (D:1)
  A leopard gecko (D:4)
  5 orcs (D:3)
  A ball python (D:1)
  8 bats
  3 giant cockroaches
  5 goblins
  7 hobgoblins
  2 jackals (D:3)
  2 quokkas (D:4)
  3 frilled lizards (D:1)
  9 kobolds
  6 rats
66 creatures vanquished.

Vanquished Creatures (others)
  A frilled lizard (D:3)
1 creature vanquished.

Grand Total: 67 creatures vanquished

Notes
Turn   | Place    | Note
-------+----------+-------------------------------------------
     0 | D:1      | Doobh the Demonspawn Venom Mage began the quest for the
                  | Orb.
     0 | D:1      | Reached XP level 1. HP: 13/13 MP: 3/3
   238 | D:1      | Gained mutation: You sometimes gain a little power by
                  | taking damage. [demonic ancestry]
   238 | D:1      | Reached XP level 2. HP: 16/20 MP: 0/5
   978 | D:2      | Reached skill level 1 in Armour
   978 | D:2      | Gained mutation: You sometimes gain power by taking damage.
                  | [demonic ancestry]
   978 | D:2      | Reached XP level 3. HP: 25/25 MP: 4/6
   993 | D:2      | Reached skill level 1 in Fighting
  1374 | D:2      | Reached XP level 4. HP: 31/32 MP: 3/7
  1473 | D:2      | Found a burning altar of Makhleb.
  1474 | D:2      | Found a blossoming altar of Fedhas.
  1773 | D:2      | Found a glowing golden altar of the Shining One.
  2465 | D:3      | Learned a level 3 spell: Mephitic Cloud
  3038 | D:3      | Found a radiant altar of Vehumet.
  3041 | D:3      | Reached XP level 5. HP: 37/37 MP: 6/8
  3064 | D:3      | Reached skill level 1 in Unarmed Combat
  3162 | D:3      | Found an opulent altar of Gozag.
  3162 | D:3      | Found a sparkling altar of Nemelex Xobeh.
  3443 | D:4      | Found an ornate altar of the Wu Jian Council.
  3898 | D:4      | HP: 1/37 [centaur skeleton (2)]
  3899 | D:4      | Slain by a centaur skeleton

Levels and vault maps discovered:
D:1:      minmay_arrival_checkered_box, layout_basic
D:2:      layout_basic, nicolae_tso_swordbearing_angel,
          chequers_temple_overflow_statue_of_worship, dk_noncrumbling_4,
          chequers_big_river
D:3:      layout_basic, grunt_temple_overflow_opulence, fiery_altar_vehumet
D:4:      layout_loops_corners, kennysheep_mini, portal_sewer_entry_d

Skill      XL: |  1  2  3  4  5 |
---------------+----------------+-----
Armour         | 1 |  1.8
Dodging        | 2 |  2.2
Stealth        | 2 |  2.3
Fighting       | 1 |  1.4
Unarmed Combat | 1 |  1.0
Spellcasting   | |  2.8
Conjurations   | |  1.9
Poison Magic   | |  3.4

Action                   |  1- 3 |  4- 6 || total
-------------------------+-------+-------++-------
Melee: Unarmed           |    16 |    82 ||    98
 Cast: Sting             |    65 |    88 ||   153
  Use: Scroll            |       |     6 ||     6
       Potion            |       |     1 ||     1
  Eat: Chunk             |     2 |     5 ||     7
       Ration            |       |     1 ||     1
Armor: Robe              |     4 |       ||     4
       Leather armour    |     1 |    18 ||    19
Dodge: Dodged            |    16 |    66 ||    82
